 Dungeon Crawl Stone Soup version 0.21-a0-143-g1ab7d47 (webtiles) character file.

17329 nubinia the Covert (level 12, -2/98 HPs)
             Began as a Demonspawn Venom Mage on July 24, 2017.
             Was a Follower of Ashenzari.
             Slain by a troll (11 damage)
             ... on level 8 of the Dungeon on July 25, 2017.
             The game lasted 01:00:13 (8395 turns).

nubinia the Covert (Demonspawn Venom Mage)          Turns: 8395, Time: 01:00:14

Health: -2/98      AC:  6    Str: 16    XL:     12   Next: 17%
Magic:  22/22      EV: 13    Int: 20    God:    Ashenzari [*.....]
Gold:   348        SH:  0    Dex: 13    Spells: 18/25 levels left

rFire    . . .     SeeInvis .   A - +5 spear (flame) (curse)
rCold    . . .     Gourm    .   (no shield)
rNeg     + . .     Faith    .   a - +1 robe
rPois    .         Spirit   .   (no helmet)
rElec    .         Reflect  .   (no cloak)
rCorr    .         Harm     .   (no gloves)
MR       +....                  (no boots)
Stlth    ++++......             q - amulet of regeneration (curse)
HPRegen  0.66/turn              E - ring of protection from magic (curse)
MPRegen  0.18/turn              r - ring of positive energy

@: mighty
A: rugged brown scales 3, powered by pain 1, rot immunity
a: Curse Item, Scrying, Renounce Religion


You were on level 8 of the Dungeon.
You worshipped Ashenzari.
Ashenzari was aware of your devotion.
You were not hungry.

You visited 2 branches of the dungeon, and saw 10 of its levels.
You also visited: Bailey.

You collected 534 gold pieces.
You spent 186 gold pieces at shops.

Inventory:

Hand Weapons
 f - a +0 spear
 A - a cursed +5 spear of flaming (weapon)
Armour
 a - a +1 robe (worn)
Jewellery
 g - an uncursed ring of resist corrosion
 i - an uncursed ring of ice
 o - the ring of Gain {+Inv rElec rF+ MP-9 Str+5 Slay+5}
   (You took it off an orc in a bailey)

   [ring of protection from fire]

   It affects your strength (+5).
   It affects your accuracy and damage with ranged weapons and melee attacks
   (+5).
   It protects you from fire.
   It insulates you from electricity.
   It affects your magic capacity (-9).
   It lets you turn invisible.
 q - a cursed amulet of regeneration (around neck)
 r - a ring of positive energy (right hand)
 E - a cursed ring of protection from magic (left hand)
Wands
 x - a wand of lightning (6/15)
 D - a wand of flame (42/48)
Scrolls
 d - 6 scrolls of remove curse
 e - 7 scrolls of identify
 m - 4 scrolls of teleportation
 v - a scroll of enchant armour
 y - a scroll of blinking
 z - a scroll of noise {unknown}
 B - a scroll of fear
 G - a scroll of vulnerability {unknown}
Potions
 j - 2 potions of haste
 k - 3 potions of heal wounds
 l - a potion of invisibility
 n - 3 potions of curing
 p - 2 potions of resistance
 s - a potion of agility
 C - a potion of flight
 F - a potion of brilliance
Books
 b - a Young Poisoner's Handbook

   Spells                             Type                      Level
   a - Sting                          Conjuration/Poison           1
   b - Poisonous Vapours              Poison/Air                   2
   c - Mephitic Cloud                 Conjuration/Poison/Air       3
   d - Olgreb's Toxic Radiance        Poison                       4
   e - Venom Bolt                     Conjuration/Poison           5
 H - a book of Cantrips

   Spells                             Type                      Level
   a - Confusing Touch                Hexes                        1
   b - Animate Skeleton               Necromancy                   1
   c - Summon Small Mammal            Summoning                    1
   d - Apportation                    Translocation                1
Comestibles
 c - 10 bread rations
 h - 11 royal jellies
 t - 4 fruits
 u - 4 meat rations
 w - 2 chunks of flesh


   Skills:
 + Level 7.8 Fighting
 + Level 6.1 Polearms
 + Level 3.6 Dodging
 + Level 8.2 Stealth
 + Level 7.2 Spellcasting
 + Level 7.6 Conjurations
 + Level 6.1 Air Magic
 - Level 4.0 Poison Magic
 + Level 6.6 Evocations


You had 18 spell levels left.
You knew the following spells:

 Your Spells              Type           Power        Failure   Level  Hunger
a - Sting                 Conj/Pois      ####         1%          1    None
b - Poisonous Vapours     Pois/Air       ####..       1%          2    None
c - Mephitic Cloud        Conj/Pois/Air  ####....     2%          3    #......
S - Animate Skeleton      Necr           N/A          10%         1    None


Dungeon Overview and Level Annotations

Branches:
Dungeon (9/15)             Temple (1/1) D:6
   Lair: D:8-11         Orc: D:9-12

Altars:
Ashenzari
Cheibriados
Dithmenos
Elyvilon
Hepliaklqana
Kikubaaqudgha
Makhleb
Nemelex Xobeh
Okawaru
Qazlal
Ru
Sif Muna
Trog
Uskayaw
Vehumet
Wu Jian
Xom
Yredelemnul
Zin
The Shining One
Jiyva

Shops:
D:4 (   D:6 %

Annotations:
D:3 Grinder
D:9 1 transporter


Innate Abilities, Weirdness & Mutations

You are completely covered in rugged brown scales. (AC +3, +7% HP)
You sometimes gain a little power by taking damage.
You are immune to rotting.


Message History

The troll bites you! The troll claws you! The troll barely misses you.
Your quokka skeleton bites the troll.
You barely miss the troll.
The troll is heavily wounded.
The troll bites you!
You focus on the pain.
You feel very mighty all of a sudden. The troll misses you.
The troll claws you.
You puncture the troll! You burn the troll.
The troll is severely wounded.
Your quokka skeleton closely misses the troll.
The troll bites you! The troll claws you! The troll claws you.
You are too injured to fight recklessly!
You closely miss the troll.
The troll is severely wounded.
Your quokka skeleton bites the troll.
The troll bites you!
* * * LOW HITPOINT WARNING * * *
The troll claws you.
* * * LOW HITPOINT WARNING * * *
The troll claws you!
You die...

### ##
..##.##
#..#.# #T#.#
####Z@#
#.#.##.#
#.## ?#.##
##.#####..
##(....##.#
#.#
#.........#
#.# #.#
#..####..###
#.# #.#
#..####.#...
#.# #.##
#.......##.#
#.# #.#.


You could see a troll and a friendly quokka skeleton.

Vanquished Creatures
  2 orc knights (Bailey)
  Pikel (D:7)
  4 hogs (D:7)
  A human (D:7)
  2 ice beasts
  12 orc warriors (Bailey)
  2 slaves (D:7)
  A sky beast (D:8)
  3 ogres (D:6)
  A necrophage (D:6)
  2 centaurs
  4 bullfrogs
  A wyvern zombie (D:8)
  A howler monkey (D:4)
  A crimson imp (D:5)
  2 hounds
  3 orc priests
  A centaur zombie (D:7)
  2 bullfrog skeletons
  A jelly (D:7)
  A centaur skeleton (D:4)
  4 orc wizards
  8 worker ants
  16 gnolls
  4 adders
  A howler monkey skeleton (D:8)
  An ooze (D:6)
  An adder skeleton (D:7)
  2 worms
  A dart slug (D:1)
  3 leopard geckos
  29 orcs
  4 giant cockroaches
  30 goblins
  20 hobgoblins
  3 jackals (D:1)
  8 kobolds
  4 quokkas
  2 ball pythons
  12 bats
  6 frilled lizards
  A leopard gecko skeleton (D:6)
  2 quokka skeletons
  A quokka zombie (D:5)
  6 rats
217 creatures vanquished.

Vanquished Creatures (others)
  A slave (D:7)
  An orc warrior (D:7)
  An orc (D:7)
3 creatures vanquished.

Grand Total: 220 creatures vanquished

Notes
Turn   | Place    | Note
-------+----------+-------------------------------------------
     0 | D:1      | nubinia the Demonspawn Venom Mage began the quest for the Orb.
     0 | D:1      | Reached XP level 1. HP: 13/13 MP: 3/3
   419 | D:1      | Gained mutation: You are partially covered in rugged brown scales. (AC +1, +3% HP) [demonic ancestry]
   419 | D:1      | Reached XP level 2. HP: 13/19 MP: 3/5
   509 | D:1      | Learned a level 2 spell: Poisonous Vapours
   683 | D:1      | Reached skill level 2 in Stealth
  1099 | D:1      | Gained mutation: You are immune to rotting. [demonic ancestry]
  1099 | D:1      | Reached XP level 3. HP: 24/24 MP: 3/6
  1621 | D:2      | Learned a level 3 spell: Mephitic Cloud
  1997 | D:2      | Found a sacrificial altar of Ru.
  2452 | D:3      | Noticed Grinder
  2702 | D:3      | Gained mutation: You are mostly covered in rugged brown scales. (AC +2, +5% HP) [demonic ancestry]
  2702 | D:3      | Reached XP level 4. HP: 25/32 MP: 2/7
  3024 | D:3      | Found a shimmering altar of Xom.
  3089 | D:3      | Found a hazy altar of Hepliaklqana.
  3089 | D:3      | Noticed a hell beast
  3090 | D:3      | Noticed a hell beast
  3090 | D:3      | Noticed a spectral ugly thing
  3584 | D:4      | Found Pegaor Xore's Antique Weapon Emporium.
  3639 | D:4      | Gained mutation: You are completely covered in rugged brown scales. (AC +3, +7% HP) [demonic ancestry]
  3639 | D:4      | Reached XP level 5. HP: 26/38 MP: 6/9
  3860 | D:4      | Reached skill level 1 in Fighting
  3860 | D:4      | Reached skill level 1 in Polearms
  4061 | D:4      | Reached skill level 1 in Air Magic
  4157 | D:4      | Reached XP level 6. HP: 38/46 MP: 5/10
  4193 | D:4      | Found a shimmering altar of Xom.
  4293 | D:4      | Found an iron altar of Okawaru.
  4293 | D:4      | Found a radiant altar of Vehumet.
  4295 | D:4      | Found a stormy altar of Qazlal.
  4376 | D:4      | Found a sacrificial altar of Ru.
  4376 | D:4      | Found a shadowy altar of Dithmenos.
  4377 | D:4      | Found a hide-covered altar of Uskayaw.
  4457 | D:4      | Bought a runed spear for 186 gold pieces
  4483 | D:5      | Entered Level 5 of the Dungeon
  4505 | D:5      | Reached skill level 3 in Stealth
  4988 | D:5      | Reached XP level 7. HP: 21/51 MP: 1/12
  5184 | D:6      | Found a white marble altar of Elyvilon.
  5480 | D:6      | You fall through a shaft for 3 floors!
  5480 | D:9      | Found a viscous altar of Jiyva.
  5480 | D:9      | Found a transporter.
  5480 | D:9      | Noticed a slime creature
  5480 | D:9      | Noticed a slime creature
  5480 | D:9      | Noticed a slime creature
  5480 | D:9      | Noticed a slime creature
  5481 | D:9      | Noticed a slime creature
  5482 | D:9      | Found a transporter.
  5508 | D:8      | Reached XP level 8. HP: 60/60 MP: 14/14
  5526 | D:7      | Noticed Pikel
  5646 | D:7      | Found a shattered altar of Ashenzari.
  5652 | D:7      | Saw a vision of the Shoals and the Snake Pit.
  5652 | D:7      | Noticed a black mamba
  5652 | D:7      | Noticed an anaconda
  5652 | D:7      | Noticed a naga ritualist
  5652 | D:7      | Noticed a mana viper
  5652 | D:7      | Noticed a naga mage
  5652 | D:7      | Noticed a hippogriff
  5652 | D:7      | Noticed a merfolk
  5652 | D:7      | Noticed a sea snake
  5653 | D:7      | Noticed a black mamba
  5655 | D:7      | Noticed a merfolk
  5656 | D:7      | Became a worshipper of Ashenzari the Shackled
  5684 | D:7      | Found an ornate altar of the Wu Jian Council.
  5705 | D:7      | Identified the cursed +1 hand axe "Oseir" {chop, rElec Str+2 SInv Stlth-}
  5705 | D:7      | Found a flagged portal.
  5718 | Bailey   | Entered a bailey
  5939 | Bailey   | Reached skill level 5 in Spellcasting
  6127 | Bailey   | Noticed an orc knight
  6151 | Bailey   | Killed an orc knight
  6151 | Bailey   | Reached XP level 9. HP: 66/66 MP: 2/17
  6338 | Bailey   | Noticed an orc knight
  6396 | Bailey   | Killed an orc knight
  6396 | Bailey   | Reached skill level 5 in Polearms
  6396 | Bailey   | Reached skill level 5 in Air Magic
  6396 | Bailey   | Reached skill level 1 in Evocations
  6647 | Bailey   | Reached skill level 4 in Stealth
  6651 | Bailey   | Identified the ring of Gain {+Inv rElec rF+ MP-9 Str+5 Slay+5} (You took it off an orc in a bailey)
  6780 | Bailey   | Noticed an orc warlord
  7146 | D:7      | Killed Pikel
  7205 | D:7      | Reached XP level 10. HP: 13/75 MP: 12/20
  7422 | D:7      | Reached skill level 6 in Stealth
  7422 | D:7      | Reached XP level 11. HP: 87/87 MP: 21/21
  7423 | D:7      | Reached skill level 8 in Stealth
  7423 | D:7      | Gained mutation: You sometimes gain a little power by taking damage. [demonic ancestry]
  7423 | D:7      | Reached XP level 12. HP: 98/98 MP: 22/22
  7542 | D:7      | Found a glowing golden altar of the Shining One.
  7805 | D:6      | Found a staircase to the Ecumenical Temple.
  7814 | Temple   | Entered the Ecumenical Temple
  8035 | D:6      | Found Zuxeanash's Food Emporium.
  8075 | D:6      | Reached * piety under Ashenzari
  8337 | D:8      | Learned a level 1 spell: Animate Skeleton
  8395 | D:8      | Slain by a troll

Vault maps used:
D:1:      minmay_arrival_four_circles, serial_bayou_lagoon_a
D:2:      cheibrodos_greedy_goblins, first_bread, minmay_fountain_box,
          nicolae_ru_sacrificial_ziggurat
D:3:      regret_index_temple_of_mockery, uniq_grinder
D:4:      gammafunk_temple_overflow_claw, gammafunk_temple_overflow_forgotten,
          serial_shops, kennysheep_mini_moat, hangedman_glass_garden,
          xom_teletrap_fun
D:6:      elyvilon_altar_3, minmay_temple_entry_statues_fountains, serial_shops,
          shop
D:7:      nicolae_tso_swordbearing_angel, lemuel_round_altar, enter_bailey_2,
          grunt_livestock, grunt_ashenzari_visionary, uniq_pikel
D:8:      minmay_cornered_nines, fedhas_altar_1, dpeg_oklobed_lair, uniq_psyche
D:9:      gammafunk_jiyva_shrine, grunt_gozag_statues, special_room
Temple:   nicolae_temple_figure_zero
Bailey:   bailey_axe_minmay_hex_keep, bailey

Skill      XL: |  1  2  3  4  5  6  7  8  9 10 11 |
---------------+----------------------------------+-----
Dodging        | 2 3 |  3.6
Stealth        | 2 3 4 6 8 |  8.2
Conjurations   | 2 3 6 7 |  7.6
Fighting       | 1 2 3 6 7 |  7.8
Polearms       | 1 2 3 4 6 |  6.1
Poison Magic   | 4 |  4.0
Air Magic      | 1 3 4 5 6 |  6.1
Spellcasting   | 3 4 5 7 |  7.2
Evocations     | 1 4 6 |  6.6

Action                   |  1- 3 |  4- 6 |  7- 9 | 10-12 || total
-------------------------+-------+-------+-------+-------++-------
Melee: Unarmed           |     7 |       |       |       ||     7
       Spear             |    72 |   150 |   241 |    73 ||   536
 Cast: Sting             |    69 |    18 |     8 |     1 ||    96
       Poisonous Vapours |    12 |    26 |    77 |    11 ||   126
       Mephitic Cloud    |       |       |    15 |     2 ||    17
       Animate Skeleton  |       |       |       |     1 ||     1
Invok: Curse Item        |       |       |     3 |       ||     3
Evoke: Wand              |       |       |     5 |       ||     5
  Use: Scroll            |     4 |     3 |    11 |     1 ||    19
       Potion            |       |     1 |     2 |     3 ||     6
 Stab: Sleeping          |     1 |     8 |       |     9 ||    18
       Confused          |       |       |     9 |     1 ||    10
       Invisible         |       |       |     3 |       ||     3
  Eat: Chunk             |     7 |     9 |     8 |     4 ||    28
Armor: Robe              |    27 |    20 |    17 |     7 ||    71
Dodge: Dodged            |    57 |    75 |    79 |    31 ||   242
